[Event "*** Titled Tuesday Blitz"]
[Site "Chess.com"]
[Date "2020.05.12"]
[Round "5"]
[White "GianmarcoVaR"]
[Black "Gareth-Bale11"]
[Result "0-1"]
[WhiteElo "2555"]
[BlackElo "2721"]
[TimeControl "180+1"]
[EndTime "10:55:25 PDT"]
[Termination "Gareth-Bale11 won on time"]

1. d4 Nf6 2. c4 e6 3. Nf3 d5 4. g3 Bb4+ 5. Bd2 Bd6 6. Bg2 O-O 7. O-O c6 8. Bg5 Nbd7 9. Nbd2 h6 10. Bxf6 Nxf6 11.
Qc2 b6 12. e4 Be7 13. cxd5 cxd5 14. e5 Nd7 15. Rfc1 Nb8 16. h4 h5 17. Ng5 g6 18.
Nh3 Kg7 19. Nf1 Bd7 20. Qc7 Qxc7 21. Rxc7 Bd8 22. Rc2 Nc6 23. Rd1 b5 24. Nf4 Bb6 25. Ne2 Rfc8 26. Ne3 Nb4 27. Rxc8 Rxc8 28. Nc3 a6 29. a3 Nc6 30. Ne2 b4 31. axb4 Nxb4 32. Nc3 Nc6 33. Nc2 Na5 34. Ra1 Bb5 35. Bf1 Nb3 36.
Bxb5 Nxa1 37. Bd7 Rc7 38. Nxa1 Bxd4 0-1

[Event "*** Titled Tuesday Blitz"]
[Site "Chess.com"]
[Date "2020.05.12"]
[Round "5"]
[White "OMGCovid-19"]
[Black "rakshi2005"]
[Result "0-1"]
[WhiteElo "1921"]
[BlackElo "2285"]
[TimeControl "180+1"]
[EndTime "10:55:25 PDT"]
[Termination "rakshi2005 won by resignation"]

1. d4 Nf6 2. Nf3 e6 3. Bg5 d5 4. Nbd2 Ke7 5. e4 Ke8 6. e5 h6 7. Bh4 g5 8. Nxg5 h5 9. Ngf3 Be7 10. exf6 Bxf6 11. Bxf6 Qxf6 12. Ne5 Nd7 13. Ndf3 Nxe5 14. Nxe5 c5 15. Bb5+ Kf8 16. Qf3 Qxf3 17. Nxf3 a6 18. Be2 cxd4 19. Nxd4 e5 20. Nf3 f6 21. O-O-O Be6 22. Nh4 Kg7 23. g3 Rac8 24. f4 e4 25. f5 Bf7 26. Rd4 Kh6 27. Rhd1 Kg5 28. Kb1 Rc5 29. c4 dxc4 30. Rxe4 c3 31. Rc1 Bd5 32. Rd4 Re8 33. Bf3 c2+ 34. Ka1 Re1 35. b4 Rxc1+ 36. Kb2 Rb1+ 37. Ka3 c1=Q+ 0-1

[Event "*** Titled Tuesday Blitz"]
[Site "Chess.com"]
[Date "2020.05.12"]
[Round "5"]
[White "deep306"]
[Black "Grandelicious"]
[Result "1-0"]
[WhiteElo "2612"]
[BlackElo "2732"]
[TimeControl "180+1"]
[EndTime "10:55:26 PDT"]
[Termination "deep306 won by resignation"]

1. e4 c5 2. Nf3 d6 3. c3 Nf6 4.
Bd3 Nc6 5. Bc2 Bg4 6. h3 Bh5 7. d3 e6 8. Nbd2 Be7 9. Nf1 Nd7 10. Ng3 Bg6 11. d4 cxd4 12. cxd4 O-O 13. O-O e5 14. Be3 Bf6 15. d5 Nb4 16. Bb1 Na6 17. a3 Qb8 18.
b4 Bd8 19. Qd2 Bb6 20. Nh4 Bxe3 21. Qxe3 Qd8 22. Nhf5 Nf6 23. Bd3 Nc7 24. Rfc1 Bxf5 25.
Nxf5 Nce8 26. Rc2 g6 27. Ng3 a5 28. Rac1 axb4 29. axb4 h5 30. Ne2 Ng7 31. Bb5 Nh7 32. Rc7 Rb8 33. Qb6 Qh4 34. Ng3 Ng5 35. Bd3 Qf4 36. Qxd6 h4 37. Ne2 Qd2 38. R7c3 Rfe8 39. Qf6 Nh5 40. Qb6 Nf4 41. Qe3 Nxe2+ 42. Bxe2 Qxe3 43.
Rxe3 Nxe4 44. Rxe4 1-0

[Event "*** Titled Tuesday Blitz"]
[Site "Chess.com"]
[Date "2020.05.12"]
[Round "5"]
[White "enriquetejedor"]
[Black "chesslh19"]
[Result "1-0"]
[WhiteElo "2465"]
[BlackElo "2197"]
[TimeControl "180+1"]
[EndTime "10:55:26 PDT"]
[Termination "enriquetejedor won by resignation"]

1. e4 c5 2. Nf3 d6 3. d4 cxd4 4. Nxd4 Nf6 5. Nc3 e6 6. g4 h6 7.
h4 Nc6 8. Nb3 a6 9. Rg1 d5 10.
exd5 Nxd5 11. Nxd5 Qxd5 12. Qxd5 exd5 13. Be3 Be7 14. g5 hxg5 15. hxg5 Bf5 16. O-O-O Be4 17. Nd2 Bf5 18. Bg2 Rd8 19. a3 O-O 20. Rh1 d4 21.
Bf4 Bc5 22. Rh4 f6 23. Rdh1 fxg5 24. Bxg5 Rd7 25. Ne4 Kf7 26. Nxc5 d3 27. Nxd7 Bxd7 28. Bd5+ 1-0

[Event "*** Titled Tuesday Blitz"]
[Site "Chess.com"]
[Date "2020.05.12"]
[Round "5"]
[White "AlexZambrano"]
[Black "tamarozi99"]
[Result "1-0"]
[WhiteElo "2288"]
[BlackElo "1964"]
[TimeControl "180+1"]
[EndTime "10:55:26 PDT"]
[Termination "AlexZambrano won by resignation"]

1. Nf3 g6 2. g3 Bg7 3. d4 Nf6 4. Bg2 d6 5. O-O O-O 6. c4 a6 7. Nc3 Nc6 8. e4 Na5 9. Qd3 c5 10. d5 Rb8 11. Bf4 b5 12. cxb5 c4 13.
Qe3 axb5 14. e5 Ng4 15. Qe2 b4 16. exd6 exd6 17. Ne4 Ne5 18. Nxe5 dxe5 19. Bg5 f6 20. Be3 Ba6 21. Nc5 Bb5 22. Ne6 Qe7 23. Bc5 Qe8 24. Nc7 Qd7 25. Nxb5 Qxb5 26. Bxf8 Bxf8 27. Rfc1 Rc8 28.
b3 Bd6 29. bxc4 Nxc4 30. Bf1 Qxd5 31. Rxc4 Bc5 32. Rac1 Rc6 33. Qc2 Bxf2+ 34. Qxf2 Rxc4 35. Bxc4 Qxc4 36. Rxc4 Kg7 37. Rxb4 1-0

[Event "*** Titled Tuesday Blitz"]
[Site "Chess.com"]
[Date "2020.05.12"]
[Round "5"]
[White "alexsergeyev"]
[Black "Tooweak2slow03"]
[Result "0-1"]
[WhiteElo "2368"]
[BlackElo "2617"]
[TimeControl "180+1"]
[EndTime "10:55:27 PDT"]
[Termination "Tooweak2slow03 won on time"]

1. c4 e6 2. Nc3 Bb4 3. e3 b6 4.
Nge2 Bb7 5. a3 Be7 6. Ng3 f5 7. e4 fxe4 8. Ngxe4 Nf6 9. Bd3 Nc6 10. O-O Ne5 11. Nxf6+ Bxf6 12. Be4 Bxe4 13. Nxe4 Nxc4 14. Qh5+ g6 15. Qh6 Qe7 16. Nxf6+ Qxf6 17. d3 Nd6 18. Bg5 Qf7 19. Rac1 Nf5 20. Qh3 c6 21. Bh6 Nxh6 22.
Qxh6 Qf8 23. Qe3 Qg7 24. b4 O-O 25. b5 c5 26. Qe4 Rae8 27. f4 Rf5 28. Rce1 Rd5 29.
Qxd5 exd5 30. Rxe8+ Kf7 31. Re5 h6 32. Rfe1 Qf6 33. g3 d4 34. h4 h5 35. Kg2 d6 36.
Re8 d5 0-1

[Event "*** Titled Tuesday Blitz"]
[Site "Chess.com"]
[Date "2020.05.12"]
[Round "5"]
[White "ehrenfeld"]
[Black "ChelsieMonica"]
[Result "1-0"]
[WhiteElo "2504"]
[BlackElo "2347"]
[TimeControl "180+1"]
[EndTime "10:55:27 PDT"]
[Termination "ehrenfeld won by checkmate"]

1. e4 e5 2. Nc3 Nf6 3. f4 d5 4.
fxe5 Nxe4 5. Qf3 Bc5 6. Nxe4 dxe4 7. Qxe4 O-O 8. Nf3 Nc6 9. c3 Be6 10. d4 Bd5 11. Qg4 Bxf3 12. Qxf3 Bxd4 13. cxd4 Qxd4 14. Qe3 Qd5 15. Be2 Qxg2 16. Bf3 Qc2 17. Be4 Qc4 18. Rg1 g6 19. b3 Qe6 20. Bxc6 Qxc6 21. Bb2 Rad8 22.
Rc1 Qa6 23. a4 Rd3 24. Qe2 Rfd8 25. Rg3 Qa5+ 26. Bc3 Qa6 27. Rxd3 Rxd3 28. Bd2 g5 29. Rxc7 Qg6 30. Rc3 Rd4 31. Re3 Qb1+ 32. Kf2 Rf4+ 33. Rf3 Re4 34. Qd3 Qh1 35. Qd8+ Kg7 36.
Qf6+ Kf8 37. Qxf7# 1-0

[Event "*** Titled Tuesday Blitz"]
[Site "Chess.com"]
[Date "2020.05.12"]
[Round "5"]
[White "gvanna"]
[Black "martabartel"]
[Result "1-0"]
[WhiteElo "2480"]
[BlackElo "2289"]
[TimeControl "180+1"]
[EndTime "10:55:28 PDT"]
[Termination "gvanna won by resignation"]

1. e4 c5 2. Nf3 Nc6 3. d4 cxd4 4.
Nxd4 Qc7 5. Nc3 e6 6. a3 a6 7. Be3 Nf6 8. Be2 b5 9. O-O Bb7 10. Nb3 d6 11. f4 Be7 12. Kh1 O-O 13. Bf3 Rfd8 14. Qe1 b4 15. axb4 Nxb4 16. Qf2 a5 17.
Bb6 Qd7 18. Bxa5 Rxa5 19. Nxa5 Ba8 20. Nb3 Rc8 21. Ra7 Qe8 22. Rfa1 Nc6 23. R7a4 Bb7 24.
e5 dxe5 25. fxe5 Nd7 26. Bxc6 Bxc6 27. Ra5 Bd8 28. Ra6 Nxe5 29. Nd4 Bb7 30. R6a4 Bb6 31. Rb4 Nc4 32. Rd1 e5 33. Qe2 exd4 34. Rxc4 Qxe2 35. Rxc8+ Bxc8 36. Nxe2 Bg4 37. Rd2 g6 38. Nxd4 Ba5 39. c3 Kg7 40. h3 Bc8 41. b4 Bb6 42. c4 Kf6 43. c5 Bc7 44. b5 Bf4 45. Rf2 Ke5 46. Nc6+ Ke4 47. Ne7 1-0

[Event "*** Titled Tuesday Blitz"]
[Site "Chess.com"]
[Date "2020.05.12"]
[Round "5"]
[White "hongnhung1234"]
[Black "Al_Shima"]
[Result "1-0"]
[WhiteElo "2256"]
[BlackElo "2415"]
[TimeControl "180+1"]
[EndTime "10:55:28 PDT"]
[Termination "hongnhung1234 won on time"]

1. e4 d5 2. exd5 Nf6 3. d4 Nxd5 4. c4 Nb6 5. Nc3 e5 6. Nf3 exd4 7. Qxd4 Qxd4 8. Nxd4 Bb4 9. a3 Bxc3+ 10. bxc3 c6 11. Bd3 O-O 12. O-O Rd8 13. c5 Na4 14. Bg5 f6 15.
Bc4+ Kf8 16. Bf4 Nxc5 17. Rfe1 b5 18. Bxb8 bxc4 19. Nxc6 Rd3 20. Re3 Bd7 21. Rxd3 Nxd3 22. Bd6+ Kf7 23. Nd4 Ba4 24. Rb1 Re8 25. Rb7+ Kg6 26. h4 h5 27. Rxa7 Bd1 28. Bg3 Nc5 29. Rc7 Re1+ 30. Kh2 Ne4 31. Rxc4 Nd2 32. f3 Rf1 33.
Rc7 Ba4 34. Ne6 Ra1 35. Rxg7+ 1-0

[Event "*** Titled Tuesday Blitz"]
[Site "Chess.com"]
[Date "2020.05.12"]
[Round "5"]
[White "witcher8"]
[Black "ViktoriyaTarasova"]
[Result "0-1"]
[WhiteElo "2392"]
[BlackElo "2226"]
[TimeControl "180+1"]
[EndTime "10:55:28 PDT"]
[Termination "ViktoriyaTarasova won on time"]

1. e4 e5 2. Nf3 Nc6 3. Bc4 Bc5 4. c3 d6 5. d4 exd4 6. cxd4 Bb4+ 7. Bd2 Bxd2+ 8.
Nbxd2 Nge7 9. Bb3 O-O 10. O-O Ng6 11. Re1 Re8 12. Nf1 Bg4 13. h3 Bxf3 14. Qxf3 Qd7 15.
Rad1 a6 16. Ne3 Na5 17. Bc2 b5 18. b3 Nc6 19. Nd5 Nce7 20. Nxe7+ Rxe7 21. Qg3 Rae8 22. f4 f6 23. e5 fxe5 24. dxe5 Nf8 25. b4 Qc6 26. Bb3+ Kh8 27. exd6 Rxe1+ 28. Rxe1 Rxe1+ 29.
Qxe1 Qxd6 30. Qe5 Qd7 31. f5 Qd8 32. h4 h6 33. h5 Nh7 34. Qe6 Nf6 0-1

[Event "*** Titled Tuesday Blitz"]
[Site "Chess.com"]
[Date "2020.05.12"]
[Round "5"]
[White "BhulseATX"]
[Black "DonBroca"]
[Result "1/2-1/2"]
[WhiteElo "1970"]
[BlackElo "2224"]
[TimeControl "180+1"]
[EndTime "10:55:28 PDT"]
[Termination "Game drawn - insufficient material"]

1. d4 Nf6 2. Nf3 c5 3. c4 g6 4.
Nc3 Bg7 5. e4 cxd4 6. Nxd4 O-O 7. Be2 Nc6 8. Nc2 b6 9. O-O Bb7 10. Be3 d6 11. b3 Rc8 12. Rc1 e6 13. Nd4 d5 14. cxd5 exd5 15. exd5 Nxd5 16. Nxd5 Qxd5 17.
Nxc6 Bxc6 18. Qxd5 Bxd5 19. Ba6 Rxc1 20. Rxc1 Be5 21.
Rc8 Rxc8 22. Bxc8 Kf8 23. h3 Ke7 24. f4 Bc3 25. Kf2 Kd6 26. f5 Be4 27. fxg6 fxg6 28. Ba6 h5 29. Bc4 Bd5 30. Bd3 Bf7 31. g4 Bf6 32.
Kg3 hxg4 33. hxg4 g5 34. Bc4 Bxc4 35. bxc4 Ke5 36. Kf3 Be7 37. a4 Bc5 38. Bxg5 Kd4 39. Be3+ Kxc4 40. Bxc5 Kxc5 41. Ke4 Kd6 42. Kd4 a6 43. g5 Ke6 44. g6 Kf6 45. Kd5 Kxg6 46. Kc6 b5 47. axb5 axb5 48. Kxb5 1/2-1/2

[Event "*** Titled Tuesday Blitz"]
[Site "Chess.com"]
[Date "2020.05.12"]
[Round "5"]
[White "giantslayer83"]
[Black "TokChess"]
[Result "1-0"]
[WhiteElo "2702"]
[BlackElo "2420"]
[TimeControl "180+1"]
[EndTime "10:55:29 PDT"]
[Termination "giantslayer83 won on time"]

1. d4 Nf6 2. Bg5 e6 3. e4 c5 4. e5 h6 5. Bc1 Ng8 6. Nf3 cxd4 7. Bc4 d6 8. exd6 Qxd6 9. O-O Nc6 10. Nbd2 Nf6 11. Nb3 e5 12. Re1 Be7 13. Bb5 O-O 14. Bxc6 bxc6 15. Nxe5 c5 16. Bf4 Nd5 17. Bg3 Qf6 18.
c3 Rd8 19. cxd4 cxd4 20. Qxd4 Bb7 21. Qg4 h5 22. Qxh5 Nf4 23. Qxf7+ Qxf7 24. Nxf7 Nh3+ 25.
gxh3 Kxf7 26. Rxe7+ Kxe7 27. Bh4+ Kf7 28. Bxd8 Rxd8 29.
Nc5 Bc8 30. Kg2 Rd5 31. b4 Rg5+ 32. Kf3 Bxh3 33. Rc1 a5 34. bxa5 Bc8 35. a6 Rf5+ 36.
Ke3 1-0

[Event "*** Titled Tuesday Blitz"]
[Site "Chess.com"]
[Date "2020.05.12"]
[Round "5"]
[White "Hikaru"]
[Black "Shield12"]
[Result "1-0"]
[WhiteElo "3240"]
[BlackElo "2808"]
[TimeControl "180+1"]
[EndTime "10:55:30 PDT"]
[Termination "Hikaru won by resignation"]

1. Nf3 Nf6 2. b3 b6 3. Bb2 Bb7 4. e3 e6 5. d4 c5 6. Nbd2 Be7 7.
Bd3 O-O 8. O-O cxd4 9. exd4 d6 10. Re1 Nbd7 11. a3 a6 12. c4 Rc8 13. b4 Re8 14.
Rc1 Nf8 15. Bf1 Ng6 16. g3 Qc7 17. Bh3 Rcd8 18. Ng5 Bf8 19. d5 e5 20. a4 Qe7 21.
f4 b5 22. f5 Nh8 23. Nge4 bxc4 24. Nxf6+ Qxf6 25. Ne4 Qh6 26. Bf1 f6 27. Rxc4 g5 28. h4 Nf7 29. Bc1 Be7 30. Rc7 Bc8 31. Qf3 Kh8 32.
Bd3 Rd7 33. Rc6 Qf8 34. hxg5 Nxg5 35. Bxg5 fxg5 36. f6 Bd8 37. Rf1 Rf7 38. Qh5 Rb7 39. f7 Ree7 40. Nxg5 h6 41. Qg6 1-0

[Event "*** Titled Tuesday Blitz"]
[Site "Chess.com"]
[Date "2020.05.12"]
[Round "5"]
[White "SaySpade4VIP"]
[Black "Bacyanide"]
[Result "1-0"]
[WhiteElo "2648"]
[BlackElo "2416"]
[TimeControl "180+1"]
[EndTime "10:55:30 PDT"]
[Termination "SaySpade4VIP won on time"]

1. d4 d5 2. Bf4 e6 3. e3 Bd6 4.
Bg3 c5 5. Bb5+ Nc6 6. c3 Nf6 7. Nf3 O-O 8. Nbd2 a6 9. Bxc6 bxc6 10. Qa4 Bxg3 11. hxg3 cxd4 12. cxd4 Bd7 13. Qc2 Rc8 14. g4 c5 15. dxc5 Qa5 16. Ne5 Rxc5 17. Qb1 Ne4 18. b4 Qc7 19. Nxd7 Rc2 20. Nxe4 dxe4 21. Nxf8 Qc3+ 22. Kf1 Qd3+ 23. Kg1 Kxf8 24. Qf1 Qc3 25.
Rd1 Ke7 26. Rxh7 Qxb4 27. Rxg7 Kf6 28. Rh7 Kg6 29. Rh3 Rxa2 30. Rh5 Qb2 31. Rc5 a5 32.
Rb1 Qd2 33. Rd1 Qb2 34. Rdc1 a4 35. R5c2 Qxc2 36. Rxc2 Rxc2 37. Qb1 1-0

[Event "*** Titled Tuesday Blitz"]
[Site "Chess.com"]
[Date "2020.05.12"]
[Round "5"]
[White "djano"]
[Black "Barys1974"]
[Result "0-1"]
[WhiteElo "2438"]
[BlackElo "2634"]
[TimeControl "180+1"]
[EndTime "10:55:30 PDT"]
[Termination "Barys1974 won by resignation"]

1. d4 d5 2. Bf4 c5 3. e3 Nc6 4. Nf3 Nf6 5. Nbd2 cxd4 6. exd4 Bf5 7. c3 e6 8. Be2 Be7 9. Nh4 Bg6 10. Nxg6 hxg6 11.
O-O Bd6 12. Bxd6 Qxd6 13. Nf3 g5 14. Bb5 Nd7 15. Bxc6 bxc6 16. Re1 f6 17. h3 Kf7 18.
Re2 Rh6 19. Qb3 g4 20. Nh2 gxh3 21. g3 Rg6 22. Kh1 c5 23. Rae1 c4 24. Qb7 Re8 25.
Qxa7 Re7 26. Qa8 e5 27. dxe5 fxe5 28. Nf3 e4 29. Nd4 Rf6 30. Qh8 Ne5 31. Qxh3 Nd3 32. Qh5+ g6 33. Qh7+ Ke8 34. Qh8+ Rf8 35. Qh3 Nxf2+ 36.
Rxf2 Rxf2 37. Qc8+ Kf7 38. Nc6 Qxg3 39. Nd8+ Kg7 40. Ne6+ Rxe6 41. Qd7+ Kh6 0-1

[Event "*** Titled Tuesday Blitz"]
[Site "Chess.com"]
[Date "2020.05.12"]
[Round "5"]
[White "Blitzking642"]
[Black "Zq1"]
[Result "0-1"]
[WhiteElo "2263"]
[BlackElo "2537"]
[TimeControl "180+1"]
[EndTime "10:55:30 PDT"]
[Termination "Zq1 won by resignation"]

1. d4 Nf6 2. c4 a6 3. Nc3 c5 4. d5 b5 5. cxb5 axb5 6. Nxb5 Qa5+ 7. Nc3 Bb7 8. Bd2 Qb6 9. e4 e6 10. dxe6 fxe6 11. Qc2 Nc6 12. Nf3 Nd4 13. Qb1 Be7 14. Bd3 Ng4 15. O-O Nxf3+ 16. gxf3 Ne5 17. Be2 O-O 18.
Be3 Nxf3+ 19. Bxf3 Rxf3 20. Rd1 Rxe3 21. fxe3 c4 22.
Re1 Bg5 23. Qc1 Rf8 24. Qd2 Rf3 25. Qxd7 h6 26. Kg2 Rf7 27. Qe8+ Rf8 28. Qb5 Bxe4+ 29. Kh3 Rf3+ 30. Kg4 Qxb5 31. Nxb5 Rf2 32. Nd6 Bd3 33. h4 Be7 34. Nb5 Rxb2 35. Nd4 Bd6 36. a4 e5 37. Nf3 e4 38. Nd4 Rg2+ 39. Kf5 Kf7 0-1

[Event "*** Titled Tuesday Blitz"]
[Site "Chess.com"]
[Date "2020.05.12"]
[Round "5"]
[White "vaishali2001"]
[Black "RaunakSadhwani2005"]
[Result "1/2-1/2"]
[WhiteElo "2662"]
[BlackElo "2831"]
[TimeControl "180+1"]
[EndTime "10:55:31 PDT"]
[Termination "Game drawn by repetition"]

1. e4 Nf6 2. e5 Nd5 3. d4 d6 4. c4 Nb6 5. Nf3 dxe5 6. Nxe5 g6 7. Nc3 Bg7 8. Qf3 f6 9. c5 Qxd4 10. cxb6 Qxe5+ 11. Be3 axb6 12. Bc4 c6 13. O-O Qf5 14.
Qe2 b5 15. Bb3 Be6 16. Bc5 Na6 17. Bxe6 Qxc5 18. Rfe1 Nc7 19. Rad1 f5 20. Rd7 Nxe6 21. Qxe6 Bf6 22. Rxb7 Kf8 23. Rc7 Kg7 24. Rxc6 Qb4 25. Nd5 Qd4 26. Nxf6 exf6 27. Rc7+ Kh6 28. Re3 Qd1+ 29.
Re1 Qd4 30. Re3 Qd1+ 31. Re1 Qd4 1/2-1/2

[Event "*** Titled Tuesday Blitz"]
[Site "Chess.com"]
[Date "2020.05.12"]
[Round "5"]
[White "przemekpiotrowski"]
[Black "theblitzchamp"]
[Result "0-1"]
[WhiteElo "2424"]
[BlackElo "2663"]
[TimeControl "180+1"]
[EndTime "10:55:31 PDT"]
[Termination "theblitzchamp won by resignation"]

1. d4 Nf6 2. Nf3 g6 3. g3 Bg7 4. Bg2 O-O 5. O-O d6 6. c4 Nbd7 7. Nc3 e5 8. b3 exd4 9. Nxd4 Re8 10. Bb2 a5 11. Re1 Nc5 12. e4 Bd7 13. Qd2 Qc8 14.
Rad1 Bh3 15. Bh1 Qd7 16. Nc2 Rad8 17. Nd5 Nxd5 18. Bxg7 Kxg7 19. exd5 Rxe1+ 20. Rxe1 Re8 21. Rxe8 Qxe8 22. Qe3 Qxe3 23. Nxe3 a4 24. b4 Nd3 25. a3 Bd7 26. Be4 Ne5 27. f4 Ng4 28. Nxg4 Bxg4 29. Kf2 Kf6 30. Bc2 h5 31. Bxa4 Bf5 32. Ke3 Bb1 33.
Bd1 Kf5 34. h3 Kf6 35. g4 hxg4 36. hxg4 g5 37. Be2 Bc2 38. Bf1 Bd1 39. Bh3 Bb3 40.
Bf1 Bd1 41. Be2 gxf4+ 42. Kf3 Bxe2+ 43. Kxe2 Ke5 44. Kd3 f3 45. a4 f2 46. Ke2 Kd4 47. c5 dxc5 48. bxc5 Kxd5 49. Kxf2 Kxc5 50. Ke3 Kb4 51.
Ke4 c5 52. Ke5 c4 53. Kf6 c3 54.
Kxf7 c2 55. g5 c1=Q 56. g6 0-1

[Event "*** Titled Tuesday Blitz"]
[Site "Chess.com"]
[Date "2020.05.12"]
[Round "5"]
[White "RATNAKARAN"]
[Black "WPWPWP-2015"]
[Result "1-0"]
[WhiteElo "2578"]
[BlackElo "2408"]
[TimeControl "180+1"]
[EndTime "10:55:31 PDT"]
[Termination "RATNAKARAN won by resignation"]

1. e4 c5 2. Nf3 e6 3. d3 Nc6 4.
g3 Nf6 5. Bg2 d6 6. O-O Be7 7. Re1 O-O 8. Be3 Qc7 9. h3 Rb8 10. a4 a6 11. Nbd2 b5 12. axb5 axb5 13. d4 cxd4 14. Nxd4 Nxd4 15. Bxd4 e5 16. Be3 Be6 17.
f4 Rfc8 18. f5 Bd7 19. c3 d5 20. exd5 Bxf5 21. g4 Bg6 22. g5 Ne8 23. Ra7 Qd8 24.
Ne4 Nd6 25. Qg4 Nxe4 26. Bxe4 Bxe4 27. Qxe4 Bxg5 28. Qxe5 Bxe3+ 29. Rxe3 Qb6 30. Re7 Ra8 31. Kh2 f6 32. Qg3 g6 33. Qh4 Qd6+ 34. Kg2 Qxd5+ 35.
Rf3 Qd2+ 36. Rf2 Qd5+ 37. Rf3 Qd2+ 38. Qf2 Qxf2+ 39. Rxf2 Rf8 40. Rb7 Rab8 41. Rxb8 Rxb8 42. Rxf6 b4 43. c4 b3 44. Rf3 Rc8 45. Rc3 Rc5 46. Kf3 Kf7 47. Ke4 Ke6 48. Kd4 Rh5 49. Rxb3 Rh4+ 50.
Kc5 h5 51. Rg3 Kd7 52. b4 g5 53. Rxg5 Rxh3 54. Rg7+ Ke6 55. b5 h4 56. b6 Rb3 57.
Rh7 h3 58. Kc6 Rc3 59. c5 Rf3 60. b7 Rf7 61. Rxf7 Kxf7 62. b8=Q 1-0

[Event "*** Titled Tuesday Blitz"]
[Site "Chess.com"]
[Date "2020.05.12"]
[Round "5"]
[White "lamomiablanca"]
[Black "GMJustin"]
[Result "0-1"]
[WhiteElo "2175"]
[BlackElo "2340"]
[TimeControl "180+1"]
[EndTime "10:55:31 PDT"]
[Termination "GMJustin won by resignation"]

1. Nf3 d5 2. g3 Bg4 3. Bg2 Nd7 4. O-O e6 5. d3 Bd6 6. Nbd2 Ne7 7. e4 O-O 8. Re1 a5 9. a4 c6 10. c3 Ne5 11. Qc2 Nxf3+ 12. Nxf3 Rc8 13. Qb3 Rb8 14. Bg5 f6 15. Bd2 e5 16. h3 Be6 17. d4 Qd7 18.
dxe5 dxe4 19. Qc2 fxe5 20. Rxe4 Bxh3 21. Nxe5 Bxe5 22. Rxe5 Bxg2 23. Kxg2 Rbd8 24. Bf4 Ng6 25. Rh5 Rxf4 26. Rah1 Rf6 27. Rxh7 Qd5+ 28. Kg1 Qd1+ 29.
Qxd1 Rxd1+ 30. Kg2 Rxh1 31. Kxh1 Kxh7 0-1

[Event "*** Titled Tuesday Blitz"]
[Site "Chess.com"]
[Date "2020.05.12"]
[Round "5"]
[White "gmelviro"]
[Black "DishonorOnYourCow"]
[Result "0-1"]
[WhiteElo "2147"]
[BlackElo "2332"]
[TimeControl "180+1"]
[EndTime "10:55:31 PDT"]
[Termination "DishonorOnYourCow won by resignation"]

1. c4 e5 2. g3 Nc6 3. Bg2 Bc5 4. Nc3 d6 5. e3 a6 6. Nge2 Ba7 7. d4 Bg4 8. d5 Nce7 9. e4 Qd7 10. h3 Bh5 11. g4 Bg6 12. Qd3 h5 13. f3 hxg4 14. hxg4 Rxh1+ 15. Bxh1 O-O-O 16. Be3 Bxe3 17. Qxe3 Kb8 18.
b4 c6 19. a4 cxd5 20. cxd5 Qc7 21. Rc1 Nc8 22. Bg2 Nf6 23. g5 Nd7 24. Bh3 Qb6 25. Qd3 Qxb4 26. Rb1 Qa5 27. Nc1 Nc5 28.
Qc4 Nxa4 29. Rb4 Nxc3 30. Qxc3 Qc7 31. Rc4 Qb6 32. Rxc8+ Rxc8 33. Qxc8+ Ka7 34. Kd2 Qf2+ 35. Ne2 Qxf3 36. Qc3 Qxe4 37. Bc8 Qa4 38. Qc7 Qb4+ 39. Ke3 Qb3+ 40. Kf2 Qxd5 41. Nc3 Qc5+ 42. Qxc5+ dxc5 43. Ke3 b5 44. Ne4 Kb6 45. Bd7 c4 46. Nc3 b4 47. Nd5+ Kc5 48. Nc7 a5 49. Na6+ Kb6 50. Nb8 Kc7 0-1

[Event "*** Titled Tuesday Blitz"]
[Site "Chess.com"]
[Date "2020.05.12"]
[Round "5"]
[White "relaxx87"]
[Black "Mizner"]
[Result "1-0"]
[WhiteElo "2682"]
[BlackElo "2506"]
[TimeControl "180+1"]
[EndTime "10:55:32 PDT"]
[Termination "relaxx87 won by resignation"]

1. e4 e6 2. d4 d5 3. Nd2 c5 4.
Ngf3 cxd4 5. exd5 Qxd5 6. Bc4 Qc5 7. O-O Nc6 8. Qe2 Be7 9. Rd1 Qb6 10. Nb3 Bf6 11. a4 Nge7 12. a5 Qc7 13. Nbxd4 Nxd4 14. Nxd4 O-O 15. Nb5 Qe5 16. c3 a6 17. Nd4 Qxe2 18.
Bxe2 Rd8 19. Nb3 Bd7 20. Be3 Nd5 21. Bd4 Bc6 22. Bf3 Rac8 23. Bxf6 gxf6 24. Nd4 Kf8 25. Kf1 Ke7 26. Ke1 Be8 27. g3 f5 28. Nxf5+ Kf6 29.
Bxd5 Kxf5 30. Bxb7 Rxd1+ 31. Rxd1 Rb8 32. Bxa6 Rxb2 33.
Bd3+ Kf6 34. Ra1 Bc6 35. a6 Rb3 36. Kd2 Rb2+ 37. Ke3 Rb3 38. Kd4 1-0

[Event "*** Titled Tuesday Blitz"]
[Site "Chess.com"]
[Date "2020.05.12"]
[Round "5"]
[White "HrvojeZagreb"]
[Black "ChessTraining77"]
[Result "0-1"]
[WhiteElo "2189"]
[BlackElo "2537"]
[TimeControl "180+1"]
[EndTime "10:55:32 PDT"]
[Termination "ChessTraining77 won on time"]

1. d4 Nf6 2. Bf4 d5 3. e3 c5 4. Nc3 a6 5. dxc5 e6 6. Na4 Bxc5 7. Nxc5 Qa5+ 8. c3 Qxc5 9. Nf3 Nbd7 10. Bd3 b5 11. Ne5 Bb7 12. O-O Qe7 13. Bc2 O-O 14. Qf3 Ne4 15. Bxe4 dxe4 16. Qg3 f6 17. Nxd7 Qxd7 18.
Rad1 Qf7 19. Bd6 Rfd8 20. Ba3 e5 21. Qg4 Rd3 22. b3 Rad8 23. h4 h5 24. Qe2 Bc8 25. f3 Qd7 26. Rxd3 exd3 27. Qd2 e4 28. fxe4 Qg4 29. Rf4 Qe2 30. Rf2 Qxd2 31. Rxd2 Bb7 32. e5 fxe5 33. Be7 Rc8 34. Bb4 Kf7 35. Kf2 Ke6 36. Ke1 Kf5 37. Rf2+ Ke4 38. Kd2 Bd5 39. Rf1 Rg8 40. Be7 Re8 41. Bg5 a5 42. Rf2 a4 43.
bxa4 bxa4 44. a3 Rb8 0-1

[Event "*** Titled Tuesday Blitz"]
[Site "Chess.com"]
[Date "2020.05.12"]
[Round "5"]
[White "HaryKane"]
[Black "MacDaddyMac"]
[Result "1-0"]
[WhiteElo "2598"]
[BlackElo "2271"]
[TimeControl "180+1"]
[EndTime "10:55:32 PDT"]
[Termination "HaryKane won by resignation"]

1. e4 e6 2. d4 d5 3. Nd2 Nf6 4. e5 Nfd7 5. Bd3 c5 6. c3 Nc6 7.
Ne2 Qb6 8. Nf3 Be7 9. O-O h6 10.
Re1 g5 11. h3 cxd4 12. cxd4 a5 13. Rb1 Nb4 14. Be3 Nxa2 15. Ng3 Nb4 16. Nh5 Nxd3 17. Qxd3 Qa6 18. Qd2 Bb4 19. Qc2 Bxe1 20. Rxe1 Qc6 21. Qb1 b5 22. Rc1 Qb6 23. Nh2 Ba6 24. Ng4 Rc8 25. Re1 b4 26. h4 Qb5 27. Nhf6+ Nxf6 28.
Nxf6+ Ke7 29. hxg5 hxg5 30. Bxg5 Kf8 31. Qd1 Qd3 32.
Qa4 Qe2 33. Rxe2 Bxe2 34. f3 Rc7 35. Qxa5 Rb7 36. Ng4 Bxf3 37. Qd8+ Kg7 38. Qf6+ Kf8 39. gxf3 Rg8 40. Qh6+ Ke8 41. Nf6+ Kd8 42. Nxg8+ Ke8 43. Nf6+ Kd8 44. Qf8+ Kc7 45. Qd6+ Kc8 46. Nxd5 Rd7 47. Nb6+ Kb7 48. Nxd7 b3 49. Nc5+ Ka7 50. Qc7+ 1-0

[Event "*** Titled Tuesday Blitz"]
[Site "Chess.com"]
[Date "2020.05.12"]
[Round "5"]
[White "Andreikka"]
[Black "Gordima"]
[Result "1-0"]
[WhiteElo "2947"]
[BlackElo "2770"]
[TimeControl "180+1"]
[EndTime "10:55:33 PDT"]
[Termination "Andreikka won on time"]

1. c4 e6 2. Nc3 d5 3. d4 Bb4 4.
a3 Bxc3+ 5. bxc3 Nf6 6. e3 c6 7. cxd5 cxd5 8. Nf3 b6 9. Bd3 O-O 10. Qe2 Nc6 11. O-O Ne4 12. Qc2 f5 13. a4 Bb7 14.
Ba3 Rf7 15. Rfc1 Rc8 16. c4 Rfc7 17. c5 bxc5 18. dxc5 a5 19. Nd4 Re7 20. Rab1 Ba8 21.
Ba6 Rb8 22. Rxb8 Qxb8 23. Bb5 Qc7 24. f3 Nf6 25. Qf2 f4 26. Bb2 e5 27. Nf5 fxe3 28.
Qxe3 Re6 29. Nd6 d4 30. Qb3 Qe7 31. Bc4 Nd8 32. Bxe6+ Qxe6 33. Qb8 Qd5 34. Qxd8+ 1-0

[Event "*** Titled Tuesday Blitz"]
[Site "Chess.com"]
[Date "2020.05.12"]
[Round "5"]
[White "InitiatingASC"]
[Black "LuckSlayeer"]
[Result "1-0"]
[WhiteElo "2332"]
[BlackElo "2476"]
[TimeControl "180+1"]
[EndTime "10:55:33 PDT"]
[Termination "InitiatingASC won by checkmate"]

1. d4 Nf6 2. c4 e6 3. Nc3 Bb4 4. e3 O-O 5. Bd3 d5 6. Ne2 c5 7. O-O cxd4 8. exd4 Nc6 9. a3 Be7 10. c5 e5 11. b4 a5 12. b5 Nxd4 13. Nxd4 exd4 14.
Na4 Ne4 15. Qc2 Bd7 16. Bb2 Rc8 17. Bxd4 Bxc5 18. Nxc5 b6 19. Bxe4 dxe4 20. Qxe4 bxc5 21.
Bc3 Bxb5 22. Qg4 g6 23. Rfd1 Qb6 24. Rab1 Qa6 25. a4 Bd3 26. Rb2 Bf5 27. Qf4 Rfd8 28. Re1 Re8 29. Rxe8+ Rxe8 30. Rb8 Qe6 31. h4 Rxb8 32.
Qxb8+ Qc8 33. Qb6 c4 34. Qf6 Kf8 35. Bxa5 Qd7 36. Bb4+ Ke8 37. a5 Qe6 38. Qh8+ Kd7 39. Qd4+ Kc6 40. Qb6+ Kd7 41. Qb7+ Kd8 42. a6 Qc8 43.
Qe7# 1-0